 Dungeon Crawl Stone Soup version 0.28-a0-1033-g1a2f33fa85 (webtiles) character file.

Game seed: 10668357480313358478

5 ytrimaz the Scratcher (level 1, -1/9 HPs)
             Began as a Felid Transmuter on Dec 7, 2021.
             Slain by a kobold (2 damage)
             ... on level 1 of the Dungeon.
             The game lasted 00:00:31 (598 turns).

ytrimaz the Scratcher (Felid Transmuter)             Turns: 598, Time: 00:00:32

Health: -1/9       AC:  1    Str:  6    XL:     1   Next: 66%
Magic:  3/4        EV: 17    Int: 14    God:
Gold:   0          SH:  0    Dex: 16    Spells: 3/4 levels left
                                        Lives:  0   Deaths: 0

rFire   . . .      SeeInvis +     - Unarmed
rCold   . . .      Faith    .   (shield unavailable)
rNeg    . . .      Spirit   .   (armour unavailable)
rPois   .          Reflect  .   (helmet unavailable)
rElec   .          Harm     .   (cloak unavailable)
rCorr   .          Rampage  .   (gloves unavailable)
Will    .....                   (boots unavailable)
Stlth   +.........              (no amulet)
HPRegen 0.03/turn               (no ring)
MPRegen 0.09/turn               (no ring)

@: appendages (expiring), quick
A: horns 2, very small, claws 1, fangs 3, see invisible, speed 1, shaggy fur 1,
stealthy paws, no weapons or thrown items, no armour, multi-lived
a: End Transformation


You were on level 1 of the Dungeon.
You had temporarily grown beastly horns.
You visited 1 branch of the dungeon, and saw 2 of its levels.

Inventory:

Scrolls
 c - a scroll of fog


   Skills:
 * Level 1.1 Fighting
 * Level 2.8 Dodging
 + Level 3.1 Unarmed Combat
 + Level 2.0 Spellcasting
 + Level 2.2 Transmutations


You had 3 spell levels left.
You knew the following spells:

 Your Spells              Type           Power      Damage    Failure   Level
a - Beastly Appendage     Tmut           14%        N/A       10%         1

Your spell library contained the following spells:

 Spells                   Type           Power      Damage    Failure   Level
 Wereblood                Tmut           7%         N/A       14%         2
 Spider Form              Tmut/Pois      4%         N/A       41%         3
 Ice Form                 Ice/Tmut       4%         N/A       83%         4


Dungeon Overview and Level Annotations

Branches:
Dungeon (2/15)

Altars:


Innate Abilities, Weirdness & Mutations

You have temporarily grown beastly horns.
You have sharp claws.
You have razor-sharp teeth.
You have supernaturally acute eyesight. (SInv)
You cover ground quickly. (Speed+)
You are covered in fur. (AC +1)
Your paws help you pounce on unaware monsters.
You are incapable of wielding weapons or throwing items.
You cannot wear armour.
You gain extra lives every three experience levels.


Message History

c - a scroll labelled NEROERAFAO Key pressed, stopping explore.
HP restored.
There is a faded altar of an unknown god here.
A kobold comes into view. It is wielding a +0 short sword.
The kobold shouts!
A kobold is nearby!
A kobold is nearby!
A kobold is nearby!
As you read the scroll labelled GIKHLAE OCKUH, it crumbles to dust.
It is a scroll of enchant weapon.
You aren't carrying any weapons that can be enchanted.
As you read the scroll labelled PAEFUE GEUL, it crumbles to dust.
It is a scroll of identify.
c - a scroll of fog The kobold throws a stone.
The stone completely misses you.
The kobold throws a stone.
The stone misses you.
Found a scroll labelled RATSICK PYGON.
The kobold throws a stone.
The stone closely misses you.
A kobold is nearby!
A kobold is nearby!
You grow a pair of large bovine horns.
The kobold throws a stone.
The stone hits you.
The kobold hits you with a +0 short sword.
You scratch the kobold.
The kobold is moderately wounded.
Your transformation is almost over.
The kobold hits you with a +0 short sword.
Ouch! That really hurt!
* * * LOW HITPOINT WARNING * * *
You are too injured to fight recklessly!
You are too injured to fight recklessly!
You are too injured to fight recklessly!
Unknown command.
You barely miss the kobold.
The kobold is moderately wounded.
You barely miss the kobold.
The kobold is moderately wounded.
The kobold hits you with a +0 short sword.
You die...

....### ###.#
............#
............
.....?.....##
...............#
...............
........##.#K#
........##.@.# ..
........##.#....#
........#..#....##
.............#....#
..........#..##.#..
........#..........
........##.....#..#
.......§§..........
#######.§§§§....#..


You could see a kobold.

Vanquished Creatures
  A bat (D:1)
  A giant cockroach (D:2)
  2 kobolds (D:1)
  A frilled lizard (D:1)
5 creatures vanquished.

Notes
Turn   | Place    | Note
-------+----------+-------------------------------------------
     0 | D:1      | ytrimaz the Felid Transmuter began the quest for the Orb.
     0 | D:1      | Reached XP level 1. HP: 9/9 MP: 4/4
   190 | D:1      | Found a faded altar of an unknown god.
   598 | D:1      | Slain by a kobold

Illustrated notes

Levels and vault maps discovered:
D:1:      nicolae_arrival_washed_ashore, layout_rooms,
          ebering_ecumenical_altar_mist, minmay_rat_gold_closets
D:2:      layout_loops_corners, basic_altar, uniq_jessica

Action                   || total
-------------------------++-------
Melee: Unarmed           ||    23
       Punch             ||     1
       Bite              ||     1
 Cast: Beastly Appendage ||     3
  Use: Scroll            ||     2
Armor: Skin              ||     2
Dodge: Dodged            ||    20

Table legend: (Time is in decaauts)
 A = Elapsed time spent in this place.
 B = Non-inter-level travel time spent in this place.
 C = Inter-level travel time spent in this place.
 D = Time resting spent in this place.
 E = Time spent auto-exploring this place.
 F = Levels seen in this place.
 G = Mean time per level.
                   A        B        C        D        E       F      G
               +--------+--------+--------+--------+--------+-----+--------+
         Total |    579 |    579 |      0 |    227 |    271 |   2 |  289.5 |
       Dungeon |    579 |    579 |      0 |    227 |    271 |   2 |  289.5 |
               +--------+--------+--------+--------+--------+-----+--------+

Top non-repeatable levels by time:
     D:1: 335 daAuts
     D:2: 243 daAuts
